Unix NetHack Version 5.0.0-0 post-release - last build Jul 14 2026 02:55:29 (1809b74e8187c3a3585e283601c3028b46cbbdcb,branch:main).

Game began 2026-07-15 17:24:21, ended 2026-07-15 17:41:29.

Jinnora, neutral female human Wizard

                             ------------                 -------
                              ..........|      ------     |..^..|#    -----
                             |..........|######.....|     |)....-#   #-...|
                            #-..........|#     |...o.#f@##.....<|#####|...|
                 ------     #|..........|#     |...||     -------###`#|...|
                 |..>.+#    #|..........|#     --.---     ########    |...|
                 |....|######-.----------#      *#            #  #    ---.-
                #.....-#### ##########)###       #            #  #       #
                #|....|#           ######        #            ## #       #
                #------#                ###      ####          #####    ##
      -----     #  #####              ----|--.------.-           ###    #
      |...|     ####                  |`.............|            #    ###
      |...|#######                    |..............|            # ----.-.--
      |....##                         |..............|            ##........|
      -----                           |..............|              |.......|
                                      ----------------              |.......|
                                                                    ---------

Jinnora the Conjurer      St:10 Dx:13 Co:12 In:18 Wi:12 Ch:12  Neutral
Dlvl:5  $:251 HP:0(41) Pw:22(33) AC:9  Xp:5/319 T:2317 

Latest messages:
 You see here a rock.
 Where do you want to travel to?
 (For instructions type a '?')
 You hit the rabid rat.
 The rabid rat bites!
 In what direction? 7
 The spell hits the rabid rat!
 You kill the rabid rat!
 You hit the hill orc!
 The hill orc thrusts her crude dagger.
 The hill orc hits!
 In what direction? 7
 The spell hits the hill orc!
 You kill the hill orc!
 The hill orc picks up an iron skull cap.
 You swap places with your kitten.
 The kitten misses it.
 The kitten bites it.
 It swings its curved sword at the kitten.
 It hits the kitten.
 The crude dagger hits the kitten.
 You hear the footsteps of a guard on patrol.
 In what direction? o
 Never mind.
 In what direction? 6
 This door is locked.
 In what direction? 6
 Whammm!!
 In what direction? 6
 Whammm!!
 In what direction? 6
 Whammm!!
 In what direction? 6
 Whammm!!
 In what direction? 6
 Whammm!!
 In what direction? 6
 Thwack!!
 In what direction? 6
 As you kick the door, it crashes open!
 You hear someone counting gold coins.
 You miss the gas spore.
 You hit the gas spore.
 The hill orc throws a crude dagger!
 The crude dagger hits the kitten.
 You kill the gas spore!
 Boom!
 You are caught in the gas spore's explosion!
 It is fatal.
 Do you want your possessions identified? [ynq] (y) q

Inventory:
 Coins    ('$')
  $ - 251 gold pieces
 Weapons  (')')
  R - an uncursed +0 dart
  K - a blessed +2 dagger
  J - 4 uncursed +0 daggers
  I - an uncursed burnt +0 elven dagger
  a - a blessed +1 quarterstaff (weapon in hands)
 Armor    ('[')
  x - an uncursed +0 pair of gauntlets of power
  r - a cursed -2 pair of levitation boots
  b - an uncursed +0 cloak of magic resistance (being worn)
  Q - a blessed +3 oilskin cloak
 Comestibles  ('%')
  H - an uncursed candy bar labeled "Om-nom"
  q - 4 uncursed food rations
  A - 2 uncursed tripe rations
  p - an uncursed lichen corpse
 Scrolls  ('?')
  E - a blessed scroll of blank paper
  F - a cursed scroll of blank paper
  j - 2 uncursed scrolls of confuse monster
  T - a blessed scroll of earth
  k - 2 blessed scrolls of enchant weapon
  i - an uncursed scroll of genocide
  C - an uncursed scroll of identify
  u - an uncursed scroll of scare monster
  z - an uncursed scroll of teleportation
 Potions  ('!')
  h - a blessed potion of booze
  g - an uncursed potion of fruit juice
  f - 2 potions of holy water
 Rings    ('=')
  d - an uncursed ring of conflict
  e - an uncursed ring of free action
  s - an uncursed -1 ring of increase damage
  t - an uncursed ring of invisibility
  G - an uncursed ring of regeneration
 Wands    ('/')
  O - an uncursed wand of create monster (0:12)
  L - an uncursed wand of digging (0:4)
  c - an uncursed wand of sleep (0:5)
  w - an uncursed wand of teleportation (0:5)
 Tools    ('(')
  n - an uncursed magic marker (0:21)
  y - an uncursed magic whistle
  M - an uncursed +0 pick-axe

Jinnora the Wizard's attributes:

Background:
 You were a Conjurer, a level 5 female human Wizard.
 You were neutral, on a mission for Thoth
 who was opposed by Ptah (lawful) and Anhur (chaotic).
 You were right-handed.
 You were in the Dungeons of Doom, on level 5.
 You entered the dungeon 2317 turns ago.
 There was a new moon in effect when your adventure ended.
 You had 319 experience points, 1 more was needed to attain level 6.

Basics:
 You had 0 out of 41 hit points.
 You had 22 out of 33 energy points (spell power).
 Your armor class was 9.
 Your wallet contained 251 zorkmids.
 Autopickup was off.

Final Characteristics:
 Your strength was 10 (limit:18/100).
 Your dexterity was 13 (limit:18).
 Your constitution was 12 (limit:18).
 Your intelligence was 18 (limit:18).
 Your wisdom was 12 (limit:18).
 Your charisma was 12 (limit:18).

Final Status:
 You weren't hungry.
 You were unencumbered.
 You were wielding a quarterstaff.
 You had basic skill with quarterstaff.

Final Attributes:
 You were piously aligned.
 You were magic-protected.
 You were warded.
 You are dead.

Miscellaneous:
 You encountered 1 bones level.
 Total elapsed playing time was 17 minutes and 7 seconds.

Major events:
 Turn
    1: Jinnora the neutral female human Wizard entered the dungeon
  588: entered the Gnomish Mines
  705: attained the rank of Conjurer (level 3)
 2317: killed by a gas spore's explosion

Spells:
 Name                 Level Category     Fail Retention
 force bolt             1   attack         0%   81%-90%
 extra healing          3   healing       79%  76%-100%
 detect unseen          3   divination    79%  76%-100%

Skills:
 Fighting Skills
   bare handed combat [Unskilled]
   riding             [Unskilled]
 Weapon Skills
   dagger             [Unskilled]
   knife              [Unskilled]
   axe                [Unskilled]
   short sword        [Unskilled]
   club               [Unskilled]
   mace               [Unskilled]
   quarterstaff       [Basic]
   polearms           [Unskilled]
   spear              [Unskilled]
   trident            [Unskilled]
   sling              [Unskilled]
   dart               [Unskilled]
   shuriken           [Unskilled]
 Spellcasting Skills
   attack spells      [Basic]
   healing spells     [Unskilled]
   divination spells  [Unskilled]
   enchantment spells [Basic]
   clerical spells    [Unskilled]
   escape spells      [Unskilled]
   matter spells      [Unskilled]

Voluntary challenges:
 Character rerolling was not enabled.
 You never genocided any monsters.
 You never polymorphed an object.
 You never changed form.
 You used no wishes.
Achievements:
 You entered a shop.
 You entered the Gnomish Mines.
 You attained the rank of Conjurer.

 The Dungeons of Doom: levels 1 to 6
    Level 1:
    Level 2:
       A ring shop, a sink.
    Level 3:
    Level 4:
       Stairs down to The Gnomish Mines.
    Level 5: <- You were here.
       A grave.
       Final resting place for
          you, killed by a gas spore's explosion.
    Level 6:
       A grave.
       Final resting place for
          h2g2-Ran-Elf-Fem-Cha, killed by an invisible stalker.
 The Gnomish Mines: levels 5 to 6
    Level 5:
    Level 6:


Vanquished creatures:
  a leprechaun
  a rock piercer
  a rock mole
  3 gnome leaders
  a paper golem
  4 dwarves
  2 homunculi
  a kobold leader
  a hill orc
  a rabid rat
 an iguana
  2 acid blobs
  a gas spore
  a hobbit
  2 large kobolds
  a hobgoblin
  2 giant rats
  a red mold
 13 gnomes
  3 geckos
  a kobold
  3 goblins
  2 bats
  2 lichens
  2 newts
53 creatures vanquished.

No species were genocided or became extinct.

Game over:
                       ----------
                      /          \
                     /    REST    \
                    /      IN      \
                   /     PEACE      \
                  /                  \
                  |     Jinnora      |
                  |      251 Au      |
                  | killed by a gas  |
                  |     spore's      |
                  |    explosion     |
                  |                  |
                  |       2026       |
                 *|     *  *  *      | *
        _________)/\\_//(\/(/\)/\//\/|_)_______

Goodbye Jinnora the Wizard...

You died in The Dungeons of Doom on dungeon level 5 with 1762 points,
and 251 pieces of gold, after 2317 moves.
You were level 5 with a maximum of 41 hit points when you died.

